 Dungeon Crawl Stone Soup version 0.28-a0-1429-gf3d713df7a (webtiles) character file.

Game seed: 1724929245910768001

2 Deminshera the Caller (level 1, 15/15 HPs)
             Began as a Demonspawn Wanderer on Jan 8, 2022.
             Quit the game on level 1 of the Dungeon.
             The game lasted 00:00:18 (70 turns).

Deminshera the Caller (Demonspawn Wanderer)           Turns: 70, Time: 00:00:19

Health: 15/15      AC:  6    Str: 15    XL:     1   Next: 25%
Magic:  1/2        EV:  9    Int: 14    God:
Gold:   38         SH:  0    Dex:  8    Spells: 1/2 levels left

rFire   . . .      SeeInvis .   a - +2 mace
rCold   . . .      Faith    .   (no shield)
rNeg    . . .      Spirit   .   b - +0 scale mail
rPois   .          Reflect  .   (no helmet)
rElec   .          Harm     .   (no cloak)
rCorr   .          Rampage  .   (no gloves)
Will    .....                   (no boots)
Stlth   ..........              (no amulet)
HPRegen 0.05/turn               (no ring)
MPRegen 0.08/turn               (no ring)

@: no status effects
A: no striking features
a: no special abilities


You were on level 1 of the Dungeon.
You visited 1 branch of the dungeon, and saw 1 of its levels.

You collected 38 gold pieces.

Inventory:

Hand Weapons
 a - a +2 mace (weapon)
Armour
 b - a +0 scale mail (worn)
Scrolls
 c - a scroll of torment {unknown}


   Skills:
 + Level 1.0 Fighting
 + Level 2.7 Maces & Flails
 + Level 1.8 Armour
 - Level 1.0 Spellcasting
 - Level 3.0 Summonings


You had one spell level left.
You knew the following spells:

 Your Spells              Type           Power      Damage    Failure   Level
a - Summon Small Mammal   Summ           36%        N/A       30%         1

Your spell library contained the following spells:

 Spells                   Type           Power      Damage    Failure   Level
 Summon Guardian Golem    Hex/Summ       4%         N/A       86%         3


Dungeon Overview and Level Annotations

Branches:
Dungeon (1/15)

Altars:


Message History

Found a staircase leading out of the dungeon.
You begin with the following items: a +2 mace, a +0 scale mail; and the following spell memorised: Summon Small Mammal; and the following spells available to memorise: Summon Guardian Golem.
Okay, then.
Okay, then.
c - a scroll labelled LULEIMP MOUZOG
Found a stone staircase leading down.
There is a stone staircase leading down here.
You now have 17 gold pieces.
You now have 25 gold pieces (gained 8).
You now have 38 gold pieces (gained 13).
You open the door.
There is an open door here.
You open the door. 2 ball pythons come into view.
The ball python hisses angrily.
There is an open door here.
Casting: Summon Small Mammal (safe; 30% risk of failure)
Confirm with . or Enter, or press ? or * to list all spells.
You closely miss the ball python.
The ball python bites you but does no damage.
The ball python barely misses you.
You thump the ball python!
You kill the ball python!
The ball python closely misses you. The ball python barely misses you.
The ball python bites you but does no damage.
The ball python barely misses you.
You closely miss the ball python.
The ball python bites you but does no damage.
The ball python grabs you. The ball python constricts you.
You hit the ball python.
You kill the ball python!
No target in view!
No target in view!
No target in view!
No target in view!
No target in view!
No target in view!
No target in view!
No target in view!
Are you sure you want to abandon this character and quit the game? (Confirm with "yes".)

######.##
#.......#
#.......#
#.......#
#.......#
.......#
##########.....#
#.......##@##
#.........b.#
............#
#######.....#
#.....# #.....#
####.## #.#
####### .. #.#
#.....# ...


You could see a friendly bat (summoned).

Vanquished Creatures
  2 ball pythons (D:1)
2 creatures vanquished.

Notes
Turn   | Place    | Note
-------+----------+-------------------------------------------
     0 | D:1      | Deminshera the Demonspawn Wanderer began the quest for the
                  | Orb.
     0 | D:1      | Deminshera set off with the following items: a +2 mace, a
                  | +0 scale mail; and the following spell memorised: Summon
                  | Small Mammal; and the following spells available to
                  | memorise: Summon Guardian Golem
     0 | D:1      | Reached XP level 1. HP: 15/15 MP: 2/2
    70 | D:1      | Quit the game

Illustrated notes

Levels and vault maps discovered:
D:1:      giann_horns, layout_basic

Action                   || total
-------------------------++-------
Melee: Mace              ||     4
 Cast: Summon Small Mamm ||     1
Armor: Scale mail        ||     3
Dodge: Dodged            ||     4

Table legend: (Time is in decaauts)
 A = Elapsed time spent in this place.
 B = Non-inter-level travel time spent in this place.
 C = Inter-level travel time spent in this place.
 D = Time resting spent in this place.
 E = Time spent auto-exploring this place.
 F = Levels seen in this place.
 G = Mean time per level.
                   A        B        C        D        E       F      G
               +--------+--------+--------+--------+--------+-----+--------+
         Total |     71 |     71 |      0 |      0 |     61 |   1 |   71.0 |
       Dungeon |     71 |     71 |      0 |      0 |     61 |   1 |   71.0 |
               +--------+--------+--------+--------+--------+-----+--------+

Top non-repeatable levels by time:
     D:1: 71 daAuts
